 Dungeon Crawl Stone Soup version 0.24-a0-487-g57318f2 (webtiles) character file.

Game seed: 8569373565652219559

25293 stupendous the Fencer (level 13, -8/88 HPs)
             Began as a Formicid Fighter on July 10, 2019.
             Was the Champion of Okawaru.
             Mangled by Jorgrun
             ... wielding an uncursed staff of earth
              (18 damage)
             ... on level 14 of the Dungeon.
             The game lasted 00:26:09 (15672 turns).

stupendous the Fencer (Formicid Fighter)           Turns: 15672, Time: 00:26:09

Health: -8/88      AC: 25    Str: 26    XL:     13   Next: 49%
Magic:  8/13       EV:  7    Int:  8    God:    Okawaru [******]
Gold:   767        SH: 14    Dex: 14    Spells: 12/12 levels left

rFire    + . .     SeeInvis +   b - +1 great sword (protect)
rCold    . . .     Gourm    .   c - +1 shield
rNeg     . . .     Faith    .   K - +0 plate armour
rPois    .         Spirit   .   (helmet unavailable)
rElec    .         Reflect  .   N - +2 cloak {MR+}
rCorr    .         Harm     .   L - +0 pair of gloves
MR       +++..                  Q - +1 pair of boots {Fly}
Stlth    ..........             (no amulet)
HPRegen  0.24/turn              O - +4 ring of strength
MPRegen  0.13/turn              y - ring "Exuxzurph" {rF+ MR+}

@: finesse, protection aura, flying
A: permanent stasis, dig shafts and tunnels, four strong arms, antennae 3
a: Dig, Shaft Self, Heroism, Finesse, Renounce Religion, Stop Flying


You were on level 14 of the Dungeon.
You worshipped Okawaru.
Okawaru was exalted by your worship.
You were not hungry.

You visited 2 branches of the dungeon, and saw 15 of its levels.

You collected 1145 gold pieces.
You spent 378 gold pieces at shops.

Inventory:

Hand Weapons
 a - a +1 long sword
 b - a +1 great sword of protection (weapon)
 w - a +1 falchion of slicing
 D - a +3 scimitar
Armour
 c - a +1 shield (worn)
 K - a +0 plate armour (worn)
 L - a +0 pair of gloves (worn)
 N - a +2 cloak of magic resistance (worn)
 Q - a +1 pair of boots of flying (worn)
Jewellery
 k - an uncursed ring of resist corrosion
 p - an uncursed ring of positive energy
 y - the ring "Exuxzurph" (right hand) {rF+ MR+}
   (You took it off a centaur on level 7 of the Dungeon)

   [ring of protection from fire]

   It protects you from fire.
   It affects your resistance to hostile enchantments.
 F - an uncursed ring of protection from magic
 M - an uncursed amulet of faith {unknown}
 O - a +4 ring of strength (left hand)
Wands
 n - a wand of clouds (7)
 B - a wand of digging (7)
Scrolls
 g - a scroll of magic mapping {unknown}
 i - 3 scrolls of immolation
 j - 6 scrolls of remove curse
 l - a scroll of enchant weapon
 q - 4 scrolls of fog
 t - 7 scrolls of identify
 v - a scroll of enchant armour
 A - 2 scrolls of amnesia
 E - a scroll of fear
 H - a scroll of torment {unknown}
 I - a scroll of blinking {unknown}
 J - a scroll of random uselessness {unknown}
 P - a scroll of acquirement
Potions
 d - 3 potions of might
 e - a potion of cancellation {unknown}
 h - 8 potions of curing
 m - a potion of invisibility {unknown}
 o - a potion of mutation
 r - a potion of ambrosia
 s - a potion of heal wounds {unknown}
 u - a potion of resistance {unknown}
 x - 3 potions of brilliance
 C - a potion of lignification
 G - a potion of magic {unknown}
Comestibles
 f - 24 rations


   Skills:
 - Level 4.0 Fighting
 * Level 18.5 Long Blades
 - Level 4.0 Armour
 - Level 11.0 Shields


You had 12 spell levels left.
You didn't know any spells.
Your spell library contained the following spells:

 Spells                   Type           Power        Failure   Level  Hunger
 Flame Tongue             Conj/Fire      #....        99%         1    ##.....
 Infusion                 Chrm           #...         99%         1    ##.....
 Magic Dart               Conj           #...         99%         1    ##.....
 Call Imp                 Summ           #.......     100%        2    ###....
 Slow                     Hex            #.......     100%        2    ###....
 Throw Flame              Conj/Fire      #.....       100%        2    ###....
 Conjure Flame            Conj/Fire      #.......     100%        3    ####...
 Inner Flame              Hex/Fire       #.......     100%        3    ####...
 Mephitic Cloud           Conj/Pois/Air  #.......     100%        3    ####...
 Sticky Flame             Conj/Fire      #.......     100%        4    #####..
 Fireball                 Conj/Fire      #.........   100%        5    ######.
 Blink                    Tloc           Unusable     N/A         2    N/A

Dungeon Overview and Level Annotations

Branches:
Dungeon (14/15)            Temple (1/1) D:7            Lair (0/6) D:8
    Orc (0/2) D:10         Vaults (0/5) D:13

Altars:
Ashenzari
Cheibriados
Dithmenos
Elyvilon
Fedhas
Gozag
Hepliaklqana
Kikubaaqudgha
Makhleb
Nemelex Xobeh
Okawaru
Qazlal
Ru
Sif Muna
Trog
Uskayaw
Vehumet
Wu Jian
Xom
Yredelemnul
Zin
The Shining One
Beogh

Shops:
D:4 (   D:11 =

Portals:
Trove: D:12 (give +6 demon trident)

Annotations:
D:7 3 runed translucent doors, Wuxian's ghost, novice DrCj; silentkaos13's ghost, novice DsCK
D:14 Jorgrun


Innate Abilities, Weirdness & Mutations

You cannot be hasted, slowed, berserked, paralysed or teleported.
You can dig through walls and to a lower floor.
Your four strong arms can wield two-handed weapons with a shield.
You have a pair of large antennae on your head. (SInv)


Message History

Jorgrun is severely wounded.
You miss Jorgrun.
Jorgrun is severely wounded.
The shadow imp puffs mist at you. Jorgrun casts a spell at you.
You block the iron shot.
* * * LOW HITPOINT WARNING * * *
The grasping roots constrict you!
The grasping roots release their grip on you.
You feel better. Jorgrun hits you but does no damage.
You miss Jorgrun.
Jorgrun is severely wounded.
You hit Jorgrun.
Jorgrun is severely wounded.
You hit Jorgrun.
Jorgrun is severely wounded.
Jorgrun hits you with an uncursed staff of earth.
* * * LOW HITPOINT WARNING * * *
Jorgrun crushes you!
You die...

### #.# #.# #.# #.# #.# ##.#
#.@#
############g################
...........5................
.#........#....##......###..
............................
+#.#..............<........ #
#....#...#.####.......#.
#........#.. ...........
#....# .#..............


You could see Jorgrun and a shadow imp.

Vanquished Creatures
  Frances (D:12)
  An ironheart preserver (D:13)
  A vault guard (D:12)
  6 two-headed ogres
  4 ugly things
  3 cyclopes
  A manticore (D:12)
  A deep elf mage (D:9)
  Joseph (D:8)
  A centaur zombie (D:13)
  2 centaur skeletons (D:13)
  2 trolls
  Grinder (D:3)
  Prince Ribbit (D:9)
  3 hippogriffs
  A shadow (D:13)
  18 yaks
  3 wyverns (D:11)
  4 hogs (D:7)
  3 wraiths
  A human (D:7)
  A basilisk (D:10)
  A fire bat (shapeshifter) (D:13)
  A hungry ghost (D:13)
  3 vampire mosquitoes (D:12)
  A black bear (shapeshifter) (D:13)
  4 sky beasts
  5 ice beasts
  A black bear (D:12)
  5 orc warriors
  A phantom (D:8)
  8 centaurs
  2 necrophages
  2 ogres
  A crocodile (D:9)
  6 big kobolds
  12 bullfrogs
  3 scorpions
  4 killer bees
  11 wights
  A howler monkey (D:5)
  5 crimson imps
  4 quasits
  2 bullfrog zombies
  8 orc priests
  4 jellies
  10 hounds
  A gnoll shaman (D:7)
  A bullfrog skeleton (D:13)
  5 iguanas
  9 worker ants
  18 orc wizards
  A killer bee zombie (D:5)
  2 hound skeletons
  A worker ant zombie (D:7)
  7 gnolls (D:7)
  12 adders
  3 howler monkey skeletons
  3 shadow imps (D:6)
  An adder skeleton (D:4)
  A worm (D:3)
  7 leopard geckos
  80 orcs
  6 bats
  3 giant cockroaches
  4 goblins
  17 hobgoblins
  6 jackals
  7 quokkas
  5 frilled lizards
  A jackal skeleton (D:2)
  19 kobolds
  A leopard gecko zombie (D:7)
  5 rats
391 creatures vanquished.

Vanquished Creatures (others)
  An orc (D:5)
1 creature vanquished.

Grand Total: 392 creatures vanquished

Notes
Turn   | Place    | Note
-------+----------+-------------------------------------------
     0 | D:1      | stupendous the Formicid Fighter began the quest for the
                  | Orb.
     0 | D:1      | Reached XP level 1. HP: 18/18 MP: 1/1
   144 | D:1      | Reached XP level 2. HP: 22/24 MP: 2/2
   632 | D:2      | Found an ornate altar of the Wu Jian Council.
   645 | D:2      | Reached XP level 3. HP: 19/29 MP: 3/3
  1014 | D:2      | Found a bloodstained altar of Trog.
  1311 | D:2      | Found a burning altar of Makhleb.
  1348 | D:2      | Reached XP level 4. HP: 37/37 MP: 4/4
  2193 | D:3      | Reached skill level 3 in Long Blades
  2193 | D:3      | Reached XP level 5. HP: 42/42 MP: 5/5
  2282 | D:3      | Found a shattered altar of Ashenzari.
  2457 | D:3      | Noticed Grinder
  2481 | D:3      | Killed Grinder
  2481 | D:3      | Reached skill level 4 in Long Blades
  2481 | D:3      | Reached XP level 6. HP: 30/48 MP: 6/6
  2778 | D:3      | Found a hazy altar of Hepliaklqana.
  3169 | D:4      | Found Dera's Antique Weapon Shop.
  3192 | D:4      | Reached XP level 7. HP: 39/54 MP: 7/7
  3352 | D:4      | Found an iron altar of Okawaru.
  3370 | D:4      | Became a worshipper of Warmaster Okawaru
  3617 | D:4      | Reached skill level 5 in Long Blades
  4180 | D:5      | Entered Level 5 of the Dungeon
  4488 | D:5      | Reached skill level 6 in Long Blades
  4488 | D:5      | Reached XP level 8. HP: 55/60 MP: 8/8
  4565 | D:5      | Reached * piety under Okawaru
  5060 | D:5      | Found a radiant altar of Vehumet.
  5099 | D:5      | Reached skill level 7 in Long Blades
  5784 | D:6      | Reached ** piety under Okawaru
  5784 | D:6      | Reached skill level 8 in Long Blades
  5784 | D:6      | Reached XP level 9. HP: 18/65 MP: 9/9
  6069 | D:6      | Found a glowing golden altar of the Shining One.
  6234 | D:6      | Reached skill level 9 in Long Blades
  6605 | D:6      | Found a sparkling altar of Nemelex Xobeh.
  6806 | D:6      | Found a shimmering altar of Xom.
  6866 | D:6      | Reached *** piety under Okawaru
  7242 | D:7      | Found a runed translucent gate.
  7242 | D:7      | Found a runed translucent gate.
  7244 | D:7      | Found a runed translucent gate.
  7246 | D:7      | Noticed silentkaos13's ghost (novice DsCK)
  7246 | D:7      | Noticed Wuxian's ghost (novice DrCj)
  7269 | D:7      | Found a staircase to the Ecumenical Temple.
  7279 | Temple   | Entered the Ecumenical Temple
  7833 | D:7      | Reached skill level 10 in Long Blades
  7891 | D:7      | Reached skill level 10 in Shields
  7891 | D:7      | Reached XP level 10. HP: 69/71 MP: 10/10
  8365 | D:7      | Found an iron altar of Okawaru.
  8493 | D:7      | Reached skill level 11 in Long Blades
  8727 | D:7      | Identified the ring "Exuxzurph" {rF+ MR+}
  8848 | D:7      | Reached **** piety under Okawaru
  9552 | D:8      | Noticed Joseph
  9640 | D:8      | Killed Joseph
 10020 | D:8      | Found a staircase to the Lair.
 10104 | D:8      | Found an opulent altar of Gozag.
 10305 | D:8      | Reached skill level 12 in Long Blades
 10465 | D:9      | You fall into a shaft and drop 1 floor!
 10465 | D:10     | Entered Level 10 of the Dungeon
 10708 | D:10     | Reached XP level 11. HP: 77/77 MP: 11/11
 10859 | D:10     | Reached ***** piety under Okawaru
 10943 | D:9      | Noticed a two-headed ogre
 10960 | D:9      | Killed a two-headed ogre
 10960 | D:9      | Reached skill level 13 in Long Blades
 11056 | D:9      | Found a bloodstained altar of Trog.
 11097 | D:9      | Noticed Prince Ribbit
 11103 | D:9      | Killed Prince Ribbit
 11404 | D:9      | Received a gift from Okawaru
 11412 | D:9      | Found a deep blue altar of Sif Muna.
 11608 | D:9      | Identified Sif Muna's Collected Works on Protection
 11681 | D:9      | Noticed a deep elf mage
 11709 | D:9      | Killed a deep elf mage
 11709 | D:9      | Reached skill level 14 in Long Blades
 12216 | D:10     | Identified a scroll of acquirement
 12253 | D:10     | Found a staircase to the Orcish Mines.
 12275 | D:10     | Found a roughly hewn altar of Beogh.
 12790 | D:11     | Noticed a two-headed ogre
 12793 | D:11     | Noticed a two-headed ogre
 12798 | D:11     | Killed a two-headed ogre
 12798 | D:11     | Reached skill level 15 in Long Blades
 12798 | D:11     | Reached XP level 12. HP: 79/83 MP: 12/12
 12806 | D:11     | Killed a two-headed ogre
 12935 | D:11     | Found Fiagiuf's Jewellery Emporium.
 12943 | D:11     | Bought a +4 ring of strength for 378 gold pieces
 13104 | D:12     | You fall into a shaft and drop 1 floor!
 13266 | D:12     | Noticed a two-headed ogre
 13270 | D:12     | Killed a two-headed ogre
 13270 | D:12     | Reached skill level 16 in Long Blades
 13419 | D:12     | Noticed a vault guard
 13427 | D:12     | Killed a vault guard
 13427 | D:12     | Received a gift from Okawaru
 13430 | D:12     | Got a shimmering scale mail {god gift}
 13441 | D:12     | Identified the +2 scale mail of Cocytus {rElec Str+5 Int-5
                  | Stlth+} (Okawaru gifted it to you on level 12 of the
                  | Dungeon)
 13455 | D:12     | Found a portal to a secret trove of treasure.
 13501 | D:12     | Noticed Frances
 13520 | D:12     | Killed Frances
 13520 | D:12     | Reached ****** piety under Okawaru
 13722 | D:12     | Noticed a two-headed ogre
 13740 | D:12     | Killed a two-headed ogre
 13880 | D:12     | Reached skill level 17 in Long Blades
 14142 | D:13     | Reached XP level 13. HP: 41/88 MP: 13/13
 14385 | D:13     | Noticed an ironheart preserver
 14412 | D:13     | Killed an ironheart preserver
 14496 | D:13     | Found a gate to the Vaults.
 14644 | D:13     | Received a gift from Okawaru
 14827 | D:13     | Reached skill level 18 in Long Blades
 15626 | D:14     | Noticed Jorgrun
 15668 | D:14     | HP: 2/88 [Jorgrun/uncursed staff of earth (15)]
 15672 | D:14     | Mangled by Jorgrun

Levels and vault maps discovered:
D:1:      wander_arrival_lonely_grave, layout_loops_ring
D:2:      mumra_celtic_spiral_tile, layout_loops_ring, old_standard_altar,
          marbit_many_paths, lemuel_round_altar
D:3:      layout_loops_ring, lemuel_coloured_pillars_altar,
          cheibrodos_ashenzari_chains, uniq_grinder
D:4:      cheibrodos_helix_gallery, layout_cave_pods, old_standard_altar,
          serial_shops, shop, first_ration
D:5:      layout_loops_ring, fiery_altar_vehumet, glass_columns_c
D:6:      layout_gridville, tso_metal_star, nemelex_xobeh_ov_fountains_minmay,
          lemuel_doored_altar
D:7:      kennysheep_housing_project, layout_basic,
          minmay_temple_entry_crystal_x, gammafunk_ghost_cemetery,
          grunt_livestock, okawaru_trees_1
D:8:      layout_loops_ring, nicolae_gozag_cash_rules_everything_around_me,
          dpeg_oklobed_lair, uniq_joseph
D:9:      layout_loops_cross, led_sif_book, basic_altar, uniq_prince_ribbit1
D:10:     layout_loops_ring, minmay_orc_entry_temple_small
D:11:     layout_gridville, serial_shops, shop, chequers_serial_rivers_micro_e
D:12:     layout_roguey, enter_trove_5, uniq_frances
D:13:     layout_small_grid, skrybe_vaults_entry_preservation
D:14:     layout_stronghold, chequers_serial_rivers_room_b, chequers_jeans,
          uniq_jorgrun
Temple:   jpeg_temple_alley_garden

Skill      XL: |  1  2  3  4  5  6  7  8  9 10 11 12 13 |
---------------+----------------------------------------+-----
Shields        | 4 6 7 8 10 11 | 11.0
Fighting       | 4 |  4.0
Armour         | 4 |  4.0
Long Blades    | 3 4 6 8 10 12 15 17 18 | 18.5

Action                   |  1- 3 |  4- 6 |  7- 9 | 10-12 | 13-15 || total
-------------------------+-------+-------+-------+-------+-------++-------
Melee: Long sword        |   106 |   173 |   251 |       |       ||   530
       Falchion          |       |       |   263 |   225 |       ||   488
       Scimitar          |       |       |       |   292 |       ||   292
       Great sword       |       |       |       |   357 |   199 ||   556
Invok: Heroism           |       |       |       |     4 |     1 ||     5
       Finesse           |       |       |       |       |     1 ||     1
 Abil: Dig               |       |       |     6 |    15 |     5 ||    26
  Use: Scroll            |       |       |    15 |     2 |       ||    17
       Potion            |       |       |       |       |     4 ||     4
  Eat: Chunk             |     1 |     6 |    17 |    23 |     6 ||    53
       Ration            |       |       |       |       |     1 ||     1
Armor: Scale mail        |    46 |    64 |   154 |    39 |       ||   303
       Chain mail        |       |       |       |    63 |       ||    63
       Plate armour      |       |       |       |   117 |    75 ||   192
Dodge: Dodged            |    33 |    64 |   131 |   146 |    32 ||   406
Block: Shield            |    55 |    98 |   272 |   491 |    97 ||  1013
       Rpst.: Long sword |    11 |    17 |    13 |       |       ||    41
       Falchion          |       |       |    25 |    14 |       ||    39
       Scimitar          |       |       |       |    19 |       ||    19
       Great sword       |       |       |       |    11 |     7 ||    18

Table legend:
 A = Non-vault XP
 B = Vault XP
 C = Vault XP percentage of total XP
 D = Non-vault monster count
 E = Vault monster count
 F = Vault count percentage of total count
                 A         B        C        D         E       F
            +---------+---------+-------+---------+---------+-------
      Total |   26237 |    9896 |  27.4 |     323 |      68 |  17.4
            +---------+---------+-------+---------+---------+-------
        D:1 |      19 |       0 |   0.0 |      12 |       0 |   0.0
        D:2 |      92 |       2 |   2.1 |      21 |       1 |   4.5
        D:3 |      63 |     290 |  82.2 |      23 |       1 |   4.2
        D:4 |     275 |      84 |  23.4 |      13 |       2 |  13.3
        D:5 |     863 |       0 |   0.0 |      37 |       0 |   0.0
        D:6 |    1653 |       0 |   0.0 |      30 |       0 |   0.0
        D:7 |     829 |    1967 |  70.4 |      32 |      35 |  52.2
        D:8 |     640 |     439 |  40.7 |      12 |       1 |   7.7
        D:9 |    3189 |     359 |  10.1 |      20 |       3 |  13.0
       D:10 |    1580 |     286 |  15.3 |      24 |      14 |  36.8
       D:11 |    4570 |       0 |   0.0 |      36 |       0 |   0.0
       D:12 |    5116 |    3290 |  39.1 |      23 |       2 |   8.0
       D:13 |    5604 |    3179 |  36.2 |      37 |       9 |  19.6
       D:14 |    1744 |       0 |   0.0 |       3 |       0 |   0.0
            +---------+---------+-------+---------+---------+-------
